[Event "Late-Titled-Tuesday-Blitz-May-07-2024"]
[Site "Chess.com"]
[Date "2024.05.07"]
[Round "4"]
[White "Dzidzik2203"]
[Black "only_strong_moves"]
[Result "0-1"]
[WhiteElo "2446"]
[BlackElo "2696"]
[TimeControl "180+1"]
[EndTime "14:39:52 PDT"]
[Termination "only_strong_moves won by checkmate"]

1. b3 e5 2. Bb2 Nc6 3. e3 d5 4.
Bb5 Bd6 5. f4 Qe7 6. Nf3 Bg4 7.
O-O Nf6 8. Bxc6+ bxc6 9. fxe5 Bxe5 10. Bxe5 Bxf3 11. Qxf3 Qxe5 12. Nc3 O-O 13. Qf4 Qe7 14. Rae1 Rad8 15. Qa4 c5 16. Qxa7 Ra8 17. Qb7 Qd6 18. Rxf6 Qxf6 19. Nxd5 Qe5 20. Nc3 Rad8 21. Qe4 Qxe4 22.
Nxe4 f5 23. Nxc5 Rxd2 24. Ne6 Rf7 25. a4 Rxc2 26. Ra1 c5 27. a5 Ra7 28. a6 Rc3 29.
Ra5 Rxb3 30. Nxc5 Rxe3 31. Rb5 h6 32. Kf2 Re5 33. Rb7 Ra8 34. Nd7 Ra5 35. Nb8 Kh7 36. Kf3 Ra4 37. h3 Kg6 38. g3 Kf6 39.
h4 Ra3+ 40. Kg2 g5 41. hxg5+ hxg5 42. Rb6+ Ke5 43. Rb5+ Ke4 44. Rb4+ Ke3 45. Rb6 Ra2+ 46. Kg1 Kf3 47. Rb3+ Kg4 48. Nc6 R8xa6 49. Ne5+ Kh5 50.
Rb8 Re2 51. Rh8+ Rh6 52. g4+ fxg4 53. Rxh6+ Kxh6 54. Nxg4+ Kh5 55. Kf1 Ra2 56. Nf6+ Kh4 57. Kg1 g4 58. Ne4 g3 59. Kh1 Kg4 60. Kg1 Re2 61.
Nf6+ Kh3 62. Ne4 Rxe4 63. Kf1 g2+ 64. Kg1 Re1+ 65. Kf2 g1=Q+ 66. Kf3 Qf1# 0-1

[Event "Late-Titled-Tuesday-Blitz-May-07-2024"]
[Site "Chess.com"]
[Date "2024.05.07"]
[Round "4"]
[White "BogdanDeac"]
[Black "DanielDardha2005"]
[Result "1-0"]
[WhiteElo "3128"]
[BlackElo "2888"]
[TimeControl "180+1"]
[EndTime "14:39:54 PDT"]
[Termination "BogdanDeac won by resignation"]

1. d4 d5 2. c4 dxc4 3. Nf3 Nf6 4. e3 e6 5. Bxc4 a6 6. O-O c5 7. Re1 Nc6 8. Nc3 b5 9. Bd3 Bb7 10. a4 cxd4 11. exd4 Be7 12. axb5 axb5 13. Rxa8 Bxa8 14. Bxb5 O-O 15. Be3 Nb4 16. Ne5 Nbd5 17. Bc6 Nxe3 18. fxe3 Bd6 19. Bxa8 Qxa8 20. Nf3 Rb8 21. Qe2 Qb7 22.
Rb1 h6 23. Nd1 Qe4 24. Rc1 Nd5 25. Qc2 Qg4 26. Nf2 Qh5 27. g4 Qg6 28. Qxg6 fxg6 29.
Nd1 Rb3 30. Kf2 g5 31. h3 Kf7 32. Nd2 Rb7 33. Nc4 Bb8 34. Nc3 Nb4 35. Ke2 Ra7 36. Ne4 Ke7 37. Nc5 Nd5 38. Nd3 Ra2 39. Kd2 Bc7 40. Kc2 Ra8 41. Kd2 Ra2 42. Ke2 Nf6 43.
Rc2 Ra1 44. Nce5 Bxe5 45. Nxe5 Rh1 46. Rc7+ Kd6 47. Rxg7 Rxh3 48. Rf7 Rh2+ 49. Kd3 Rxb2 50. Rxf6 Rb3+ 51. Ke2 Kd5 52. Kf3 h5 53. gxh5 g4+ 54. Nxg4 Ra3 55. h6 Ra1 56. Rg6 Rf1+ 57. Kg2 Rf7 58. Rg7 Rf8 59. h7 Rh8 60. Rg8 1-0

[Event "Late-Titled-Tuesday-Blitz-May-07-2024"]
[Site "Chess.com"]
[Date "2024.05.07"]
[Round "4"]
[White "OparinGrigoriy"]
[Black "Abund"]
[Result "0-1"]
[WhiteElo "2983"]
[BlackElo "2768"]
[TimeControl "180+1"]
[EndTime "14:39:57 PDT"]
[Termination "Abund won by resignation"]

1. Nf3 d5 2. g3 c5 3. Bg2 Nc6 4. d4 Nf6 5. O-O e6 6. c4 dxc4 7. Qa4 Bd7 8. Qxc4 b5 9. Qd3 c4 10. Qd1 Rc8 11. Bf4 Be7 12. Nc3 Qb6 13. a4 b4 14. Nb5 Na5 15. d5 Nxd5 16. Be5 Nb3 17. Bxg7 Rg8 18. Bd4 Qb7 19. Rb1 a6 20. e4 axb5 21.
exd5 Qxd5 22. axb5 Bxb5 23. Re1 Bc6 24. Be5 Qxd1 25.
Rbxd1 Rd8 26. Rxd8+ Kxd8 27. Bf4 Bf6 28. Ne5 Bxe5 29. Bxe5 Bxg2 30. Kxg2 Kd7 31. Rd1+ Kc6 32. Rd6+ Kb5 33. Rd7 Rg5 34. Bh8 Rf5 35. g4 Rd5 36.
Rxf7 Nd4 37. Rc7 Nc6 38. Rxh7 Rd2 39. Rb7+ Kc5 40. Rc7 e5 41. Bxe5 Kb6 42. Bf4 Rxb2 43. g5 c3 44. g6 Re2 45. g7 Re8 46. Rf7 Rg8 47. h4 b3 48. h5 b2 49. h6 b1=Q 50. Rf8 Qg6+ 51. Bg3 Rxg7 52. hxg7 Qxg7 53. Rf3 Qd4 54.
Rf4 Qd5+ 55. Kh2 c2 56. Rf3 c1=Q 0-1

[Event "Late-Titled-Tuesday-Blitz-May-07-2024"]
[Site "Chess.com"]
[Date "2024.05.07"]
[Round "4"]
[White "Chessdude1987"]
[Black "Denmark2015"]
[Result "0-1"]
[WhiteElo "2393"]
[BlackElo "2595"]
[TimeControl "180+1"]
[EndTime "14:39:57 PDT"]
[Termination "Denmark2015 won on time"]

1. e4 e6 2. d3 d5 3. Nd2 Nf6 4. c3 b6 5. Be2 Bb7 6. Qc2 Be7 7.
Ngf3 c5 8. O-O Nc6 9. e5 Nd7 10.
d4 h6 11. Re1 Rc8 12. Qd1 cxd4 13. cxd4 Nb4 14. Rf1 Ba6 15. Bxa6 Nxa6 16. a3 O-O 17. Re1 Qc7 18. Qe2 Nab8 19. b4 Qc2 20. Rb1 a5 21. bxa5 bxa5 22. h4 Qa4 23. Nf1 Rc2 24. Qd3 Rfc8 25. Bb2 Qc4 26. Qxc4 R2xc4 27. Ne3 Ra4 28.
Rec1 Rxc1+ 29. Rxc1 Nb6 30. Rc7 Bxa3 31. Rb7 N8d7 32.
Bc3 Bb4 33. Bxb4 axb4 34. Nd2 Ra1+ 35. Kh2 Ra3 36. Rc7 Ra2 37. Nb3 Rxf2 38. Nc5 Nf8 39. Rb7 Nc4 40. Nxc4 dxc4 41. Rxb4 Rf4 42. Rxc4 Rxh4+ 43. Kg3 g5 44. Nd3 Kg7 45. Nf2 Ng6 46. Ng4 h5 47.
Nf6 Nxe5 48. Nxh5+ Kg6 49. Rc5 Rxd4 50. Rxe5 Kxh5 51.
Kf3 Rd3+ 52. Kf2 Rd5 53. Re3 Kg6 54. Ra3 Rf5+ 55. Kg3 Re5 56. Rf3 f5 57. Ra3 Kf6 58. Ra6 Re3+ 59. Kf2 Rb3 60. Ra2 f4 61. Rc2 e5 62. Rc8 Kf5 63. Rf8+ Kg4 64. Re8 Rb2+ 65. Kf1 Rb5 0-1

[Event "Late-Titled-Tuesday-Blitz-May-07-2024"]
[Site "Chess.com"]
[Date "2024.05.07"]
[Round "4"]
[White "XDPS"]
[Black "TigrVShlyape"]
[Result "0-1"]
[WhiteElo "2838"]
[BlackElo "2962"]
[TimeControl "180+1"]
[EndTime "14:39:58 PDT"]
[Termination "TigrVShlyape won on time"]

1. e4 e5 2. Nf3 Nc6 3. Bc4 Nf6 4. d3 h6 5. Nc3 d6 6. a4 g6 7. h3 Bg7 8. Be3 Be6 9. Bxe6 fxe6 10.
Ne2 O-O 11. O-O a5 12. c3 b6 13. Ng3 Kh7 14. d4 Nd7 15. Qd2 Qe7 16. Nh2 Rae8 17.
Rad1 Rf7 18. f3 Qh4 19. Ne2 Ref8 20. Qd3 Qe7 21. Qc4 Ndb8 22. Bf2 h5 23. Kh1 Qe8 24. Rfe1 Bh6 25. b4 exd4 26. b5 Ne5 27. Qxd4 Nbd7 28.
Be3 Bg7 29. Qd2 Nc4 30. Qc1 Nxe3 31. Qxe3 Nc5 32. Ra1 Bh6 33. Qg1 e5 34. Red1 Qe6 35.
Qe1 Qc4 36. Nf1 Nxa4 37. Nd2 Qxb5 38. c4 Qc6 39. Nb3 Qxc4 40. Rab1 Qe6 41. Qg1 Nc5 42.
Nxc5 bxc5 43. Nc3 Rxf3 44. gxf3 Qxh3+ 45. Qh2 Qxf3+ 46. Qg2 Qxc3 47. Rf1 Bf4 48. Rf3 Qc4 49. Rh3 Qf7 50. Rg1 Bh6 51. Kh2 a4 52. Rf3 Bf4+ 53. Kh1 Ra8 54. Qh3 a3 55. Rxa3 Rxa3 56. Qxa3 Qe6 57.
Qf3 c4 58. Kg2 c6 59. Rf1 d5 60. Re1 d4 61. Ra1 c3 62. Ra7+ Kh6 63. Ra8 Qg4+ 64. Qxg4 hxg4 65. Rc8 c2 66. Rxc6 c1=Q 0-1

[Event "Late-Titled-Tuesday-Blitz-May-07-2024"]
[Site "Chess.com"]
[Date "2024.05.07"]
[Round "4"]
[White "mbojan"]
[Black "MagnusCarlsen"]
[Result "0-1"]
[WhiteElo "2897"]
[BlackElo "3212"]
[TimeControl "180+1"]
[EndTime "14:39:59 PDT"]
[Termination "MagnusCarlsen won by resignation"]

1. a3 g6 2. g3 Bg7 3. Bg2 Nf6 4. d3 O-O 5. Bd2 d5 6. Qc1 h5 7. Bh6 c5 8. Nc3 Nc6 9. Bxg7 Kxg7 10. Nf3 d4 11. Nd1 e5 12. O-O Re8 13. c3 e4 14.
dxe4 Nxe4 15. cxd4 cxd4 16. e3 d3 17. Nc3 Bf5 18.
Rd1 Qf6 19. Nd5 Qd6 20. Rxd3 Nxf2 21. Qc3+ Ne5 22. Nxe5 Qxe5 23. Kxf2 Bxd3 24. Nc7 Qxc3 25. bxc3 Rac8 26. Nxe8+ Rxe8 27. Rd1 Be4 28. Bxe4 Rxe4 29.
Rd7 Ra4 30. Rxb7 Rxa3 31. h4 a5 32. Ra7 Kf6 33. Kf3 a4 34. c4 Ke6 35. Ra6+ Ke5 36.
Ra7 Ra1 37. Kg2 f5 38. Kf3 a3 39. Ra5+ Kd6 40. Kf4 a2 41. Kg5 Rg1 42. Rxa2 Ke5 43.
Ra6 Rxg3+ 44. Kh6 Rxe3 45. Kxg6 f4 46. Kxh5 f3 47. Ra8 Kf4 48. Rf8+ Kg3 49. Kg5 Re5+ 50.
Kg6 Re4 51. Rxf3+ Kxf3 52. h5 Kg4 53. h6 Re6+ 54. Kg7 Kg5 55. h7 Re7+ 56. Kg8 Kg6 57.
h8=N+ Kf6 58. c5 Rg7+ 59. Kf8 Rc7 60. Kg8 Rxc5 61. Kh7 Rc7+ 62. Kh6 Rg7 0-1

[Event "Late-Titled-Tuesday-Blitz-May-07-2024"]
[Site "Chess.com"]
[Date "2024.05.07"]
[Round "4"]
[White "Nick12772"]
[Black "gunslinger222"]
[Result "0-1"]
[WhiteElo "2422"]
[BlackElo "2318"]
[TimeControl "180+1"]
[EndTime "14:40:02 PDT"]
[Termination "gunslinger222 won by resignation"]

1. Nf3 c5 2. g3 Nc6 3. d4 b6 4. dxc5 bxc5 5. Bg2 Bb7 6. O-O h5 7. Ne5 Nxe5 8. Bxb7 Rb8 9. Bg2 h4 10. Bf4 f6 11.
Bxe5 fxe5 12. Qd3 Rh6 13. Be4 Qb6 14. Na3 hxg3 15. hxg3 Nf6 16. Nc4 Qe6 17. Bf5 Qc6 18. Bg6+ Kd8 19. e4 Rxg6 20. Nxe5 Rxg3+ 21. fxg3 Qxe4 22. Rxf6 Qxd3 23. Rxf8+ Kc7 24. Nxd3 Rxf8 25. Nxc5 Kc6 26. Nd3 d6 27. Rf1 Rb8 28. Rf7 e5 29. b3 a5 30.
a4 e4 31. Nf4 g5 32. Ne6 Kd5 33. Nxg5 Kd4 34. Re7 d5 35. Ne6+ Kc3 36. Nc7 Rd8 37.
Re5 Kxc2 38. Rxd5 Rf8 39. Rd4 e3 40. Re4 Kd2 41. Nd5 e2 42. Nf4 e1=Q+ 43. Rxe1 Kxe1 44. Kg2 Kd2 45. Kf3 Kc3 46. Ke4 Kxb3 47. g4 Kxa4 48. g5 Kb3 49. Ne6 Rg8 50. Kf5 Kc4 51. Nf4 a4 52. Ne2 a3 53. Nc1 Kc3 54. g6 Kb2 55. Nd3+ Kc2 56. Nb4+ Kb3 57. Nd3 Rd8 58. g7 Kc2 59.
Nb4+ Kc3 60. Na2+ Kb2 61. Nb4 Kb3 62. Nc6 Rg8 63. Nd4+ Kb2 64. Kf6 a2 65. Ne6 a1=Q 66. Kf7 Qa8 67. Nf8 Qd5+ 68. Kf6 Qf3+ 69. Kg6 Rxf8 70.
gxf8=Q Qxf8 0-1

[Event "Late-Titled-Tuesday-Blitz-May-07-2024"]
[Site "Chess.com"]
[Date "2024.05.07"]
[Round "4"]
[White "Ajedrez_con_German"]
[Black "NovakRatko"]
[Result "1/2-1/2"]
[WhiteElo "2595"]
[BlackElo "2412"]
[TimeControl "180+1"]
[EndTime "14:40:07 PDT"]
[Termination "Game drawn by repetition"]

1. d4 d5 2. c4 c5 3. e3 cxd4 4.
exd4 Nc6 5. Nf3 Nf6 6. cxd5 Nxd5 7. Be2 e6 8. O-O Be7 9. Nc3 O-O 10. Re1 Bf6 11. Be3 Nxe3 12. fxe3 e5 13. d5 Ne7 14. e4 Ng6 15. Qb3 a6 16. Rad1 b5 17. a4 Qb6+ 18.
Kh1 b4 19. d6 Be6 20. Nd5 Bxd5 21. Qxd5 Nf4 22. Qd2 Rfd8 23. Bf1 Rd7 24. g3 Ng6 25. Bh3 Rdd8 26. b3 h6 27. Qd5 Qf2 28. Bg2 Ra7 29.
Qd2 Qb6 30. Bh3 a5 31. Qd3 Qf2 32. Qe2 Qb6 33. Qd2 Nf8 34. Qd3 Nd7 35. Nd2 Nc5 36.
Qc2 Rxd6 37. Nc4 Rxd1 38. Nxb6 Rxe1+ 39. Kg2 Nxe4 40. Qc8+ Kh7 41. Bf5+ g6 42. Nd7 Re2+ 43. Kf3 Rf2+ 44. Kxe4 Rxf5 45. Nf8+ Kh8 46. Nxg6+ Kg7 47. Kxf5 fxg6+ 48. Ke4 Rf7 49. Qc5 Bd8 50. Qc8 Bc7 51.
Qe6 h5 52. h3 Rf6 53. Qd7+ Rf7 54. Qc6 Kh7 55. h4 Kg7 56. Kd5 Re7 57. Ke4 Rf7 58. Qc4 Re7 59. Qd5 Rf7 60. Qc5 Kf6 61. Qc6+ Kg7 1/2-1/2

[Event "Late-Titled-Tuesday-Blitz-May-07-2024"]
[Site "Chess.com"]
[Date "2024.05.07"]
[Round "4"]
[White "Iuckyducky"]
[Black "IMRosen"]
[Result "1-0"]
[WhiteElo "2276"]
[BlackElo "2637"]
[TimeControl "180+1"]
[EndTime "14:40:08 PDT"]
[Termination "Iuckyducky won by checkmate"]

1. e4 a5 2. Nf3 Ra6 3. Bxa6 Nxa6 4. O-O b6 5. d4 Bb7 6. Nc3 g6 7. e5 Bg7 8. Bf4 h6 9. Bg3 Qa8 10. a3 e6 11. b4 Ne7 12. b5 Nb8 13. Re1 O-O 14.
Qd3 Rc8 15. Ne4 Bxe4 16. Rxe4 c6 17. c4 cxb5 18. cxb5 Qd5 19. Ree1 Nf5 20. Rec1 Rd8 21. Rc7 d6 22. Qc3 Qxb5 23. exd6 Qe8 24. Rc1 g5 25. Rc8 Nxg3 26. hxg3 Bf6 27. Rxd8 Bxd8 28. Qc8 Nd7 29.
Rc7 Nf6 30. d7 Qe7 31. Rb7 Kg7 32. Rb8 Qxd7 33. Qxd7 Nxd7 34. Rxd8 Nf6 35. Ne5 Nd5 36. Rxd5 exd5 37. Nd7 b5 38. Nb6 b4 39. axb4 axb4 40. Nxd5 b3 41. Nc3 Kf6 42. Kf1 h5 43. Ke2 Kf5 44. Kd3 h4 45. gxh4 gxh4 46. Kc4 b2 47. Kb3 b1=Q+ 48. Nxb1 Ke4 49. Kc4 f5 50. Nd2+ Kf4 51. Kd3 Kg4 52. Nf1 f4 53. Ke4 f3 54.
gxf3+ Kh3 55. Ke3 Kg2 56. Ke2 Kh3 57. d5 Kg2 58. d6 h3 59. d7 Kg1 60. d8=Q h2 61.
Qg8+ Kh1 62. Ng3+ Kg2 63. Ne4+ Kh1 64. Qh7 Kg2 65. Qxh2+ Kxh2 66. f4 Kh3 67. f5 Kg4 68.
f6 Kf4 69. f7 Kg4 70. f8=Q Kh3 71. Qg7 Kh4 72. Kf3 Kh5 73. Kf4 Kh4 74. Qg4# 1-0

[Event "Late-Titled-Tuesday-Blitz-May-07-2024"]
[Site "Chess.com"]
[Date "2024.05.07"]
[Round "4"]
[White "Karacsonyi_Gellert"]
[Black "scandalgod"]
[Result "1-0"]
[WhiteElo "2709"]
[BlackElo "2511"]
[TimeControl "180+1"]
[EndTime "14:40:09 PDT"]
[Termination "Karacsonyi_Gellert won on time"]

1. e4 e5 2. Nf3 Nc6 3. Bb5 a6 4. Bxc6 dxc6 5. O-O Bg4 6. h3 h5 7. d3 Qf6 8. Nbd2 g5 9. Nc4 Bxf3 10. Qxf3 Qxf3 11.
gxf3 f6 12. h4 gxh4 13. f4 b5 14. Ne3 Bc5 15. Nf5 Ne7 16. Nxe7 Kxe7 17. f5 Rag8+ 18. Kh2 Rg7 19. Be3 Bxe3 20. fxe3 Rhg8 21. Rf2 Rg3 22. Re1 c5 23. c3 R8g4 24. b3 Kd6 25. Rd2 h3 26. Ree2 Rf3 27. Rd1 Kc6 28. Rg1 a5 29. a4 bxa4 30. bxa4 c4 31. d4 Kd6 32. Rd2 Rxg1 33.
Kxg1 Rxe3 34. dxe5+ Kxe5 35. Rd5+ Kxe4 36. Rd4+ Kf3 37.
Kh2 Rxc3 38. Rd5 Ke4 39. Rxa5 Ra3 40. Ra7 c5 41. Rc7 Kd4 42. Rd7+ Ke5 43. Rc7 Kd6 44. Rf7 c3 45. Rxf6+ Kd5 46. Re6 c2 47. Re1 Rd3 48.
Rc1 Rd2+ 49. Kxh3 Ke5 50. a5 Kxf5 51. a6 Ke5 52. a7 Rd3+ 53. Kh4 Ra3 54. Rxc2 Kd5 55.
Rd2+ Kc4 56. Rd7 Kb4 57. Rb7+ Kc3 58. Rf7 Kb4 59. Rb7+ Kc4 60. Rf7 Kd5 61. Kxh5 c4 62. Kg4 c3 63. Rf3 Kd4 64. Rf4+ Kd3 65. Rf3+ Kc2 66. Rf7 1-0

[Event "Late-Titled-Tuesday-Blitz-May-07-2024"]
[Site "Chess.com"]
[Date "2024.05.07"]
[Round "4"]
[White "koziororo"]
[Black "Der_Balak_3Halak"]
[Result "1-0"]
[WhiteElo "2592"]
[BlackElo "2393"]
[TimeControl "180+1"]
[EndTime "14:40:12 PDT"]
[Termination "koziororo won by checkmate"]

1. e4 e6 2. Qe2 d5 3. exd5 Qxd5 4. Nc3 Qd8 5. Nf3 Nf6 6. b3 b6 7. Bb2 Bb7 8. O-O-O Nbd7 9. Ng5 h6 10. Nge4 Be7 11.
Rg1 Nxe4 12. Nxe4 Nf6 13. f3 a5 14. a4 Qd5 15. Nc3 Qd4 16. Rh1 Qd7 17. g4 O-O-O 18. Bg2 g5 19. Rhf1 Rhg8 20. f4 gxf4 21. Rxf4 Bxg2 22. Qxg2 Kb8 23. Qf3 Nh7 24. Nb5 Ng5 25. Qg2 Bc5 26. Bf6 Rc8 27. Nd4 Bxd4 28. Rxd4 Qe8 29. h4 Nh7 30. Be5 Rd8 31. Rc4 Rc8 32. Qe4 f6 33. Bh2 Qd7 34. Re1 Rge8 35. d3 f5 36. Qf4 e5 37. Qxh6 fxg4 38. Rxe5 Rxe5 39. Bxe5 Kb7 40. Qf4 Nf8 41. Qxg4 Qxg4 42. Rxg4 Nd7 43. Bd4 c5 44. Bc3 Kc6 45. h5 Nf8 46. h6 Rc7 47. Rg7 Nh7 48. Be5 Rd7 49. Rxd7 Kxd7 50. Kd2 Ke6 51. Bc7 Ng5 52. Bxb6 Kd5 53.
Bd8 Nf7 54. h7 Ke6 55. Bxa5 Nh8 56. Bc3 Ng6 57. h8=Q Nxh8 58. Bxh8 Kd5 59. c4+ Kc6 60. Kc3 Kb6 61. Bg7 Ka5 62. Bf8 Ka6 63. d4 cxd4+ 64. Kxd4 Ka5 65. Ba3 Kb6 66. Kc3 Ka5 67. Bc1 Kb6 68.
Be3+ Ka5 69. Kb2 Kb4 70. Bd2+ Kc5 71. Kc3 Kb6 72. b4 Ka6 73. c5 Kb7 74. Kc4 Ka7 75. b5 Kb7 76. c6+ Ka7 77. Kc5 Kb8 78. a5 Ka8 79. b6 Kb8 80. a6 Ka8 81. b7+ Ka7 82. Kb5 Kb8 83. Bf4+ Ka7 84. b8=Q# 1-0

[Event "Late-Titled-Tuesday-Blitz-May-07-2024"]
[Site "Chess.com"]
[Date "2024.05.07"]
[Round "4"]
[White "h4parah5"]
[Black "ameetghasi100"]
[Result "1-0"]
[WhiteElo "3019"]
[BlackElo "2802"]
[TimeControl "180+1"]
[EndTime "14:40:13 PDT"]
[Termination "h4parah5 won on time"]

1. Nf3 g6 2. d4 Bg7 3. e4 Nf6 4. e5 Nd5 5. c4 Nb6 6. a4 a5 7. c5 Nd5 8. Nc3 Nb4 9. Bc4 d6 10. cxd6 cxd6 11. O-O O-O 12. Bf4 N8c6 13. h3 Bf5 14. g4 Bc2 15. Qe2 d5 16. Bb5 Na7 17. Ne1 Nxb5 18. Nxc2 Nxc2 19. Qxc2 Nxd4 20. Qd3 Nc6 21.
Qxd5 e6 22. Qe4 Qd4 23. Rfe1 Rfd8 24. Bg3 Qb4 25. Nb5 Rd2 26. Rab1 Rad8 27. Nd6 Rd7 28.
Qxb4 Nxb4 29. Ne4 R2d3 30. Nc5 Bf8 31. Nxd7 Rxd7 32. Red1 Nd5 33. Rbc1 Be7 34. Bf4 Kg7 35. Be3 h5 36. g5 Rd8 37. Bd2 h4 38. f4 b5 39. axb5 Rb8 40. Rc2 Rxb5 41. Ra1 Bb4 42. Bc1 Bc5+ 43. Kg2 Bb6 44. Ra3 Rb4 45. Kf3 Bg1 46.
Bd2 Rb5 47. Rxa5 Rb3+ 48. Ke2 Bh2 49. Ra3 Rb5 50. Kf3 Bg1 51. b4 Bd4 52. Rb3 Bg1 53.
Ke4 Bh2 54. Ra2 Bg1 55. Ra5 Rb8 56. b5 Bb6 57. Ra2 Rc8 58. Kd3 Rd8 59. Ke2 Ne7 60.
Be3 Nd5 61. Bxb6 Nxb6 62. Rd2 Rc8 63. Rd6 Nc4 64. Rc6 Rxc6 65. bxc6 Na5 66. Rc3 Nxc6 67. Rxc6 1-0

[Event "Late-Titled-Tuesday-Blitz-May-07-2024"]
[Site "Chess.com"]
[Date "2024.05.07"]
[Round "4"]
[White "xasid81"]
[Black "Iball95"]
[Result "0-1"]
[WhiteElo "2616"]
[BlackElo "2892"]
[TimeControl "180+1"]
[EndTime "14:40:14 PDT"]
[Termination "Iball95 won by resignation"]

1. d4 d5 2. Nf3 Nf6 3. g3 e6 4. b3 c5 5. Bb2 Nc6 6. Bg2 cxd4 7. Nxd4 Bb4+ 8. Nd2 O-O 9. O-O Bd7 10.
N2f3 Rc8 11. a3 Bd6 12. b4 a6 13. Nxc6 Bxc6 14. Ne5 Bb5 15. Re1 Qc7 16. Nf3 Qxc2 17. Qxc2 Rxc2 18. Bxf6 gxf6 19. Nd4 Rd2 20. Nxb5 axb5 21.
Red1 Rxe2 22. Bf1 Rb2 23. Bxb5 Rc8 24. Rdc1 Rxc1+ 25. Rxc1 Rb3 26. Rc8+ Kg7 27. Rd8 Be5 28. Be8 Rxa3 29. Rd7 Bd4 30. Bxf7 Ra2 31. Bxe6+ Kf8 32. Bxd5 Rxf2 33. Kh1 b6 34. Rxh7 Rb2 35. h4 Rxb4 36.
h5 Rb5 37. Bf3 Rg5 38. g4 f5 39. gxf5 Rxf5 40. Kg2 b5 41. Rd7 Bg7 42. Rb7 Rg5+ 43. Kh3 Rc5 44. Kg4 Bh6 45. Rb6 Kg7 46. Rg6+ Kh7 47. Be4 Rc4 48. Re6+ Kg7 49. Kf5 Rc5+ 50. Kg4 Rg5+ 51. Kh4 b4 52. Re7+ Kf8 53. Rh7 Re5 54.
Bg6 Bc1 55. Rf7+ Kg8 56. Rb7 Bd2 57. Kg4 Rg5+ 58. Kf3 Rc5 59. Ke4 Rg5 60. Rd7 Bc1 61. Ra7 b3 62. Bf7+ Kh8 63. Ra8+ Kg7 64. Bxb3 Rxh5 65.
Ra7+ Kf6 66. Ra6+ Kg7 67. Ra7+ Kf6 68. Rc7 Rh4+ 69. Kf3 Rf4+ 70. Ke2 Rb4 71. Bc4 Bf4 72. Kd3 Bxc7 0-1

[Event "Late-Titled-Tuesday-Blitz-May-07-2024"]
[Site "Chess.com"]
[Date "2024.05.07"]
[Round "4"]
[White "kemelgallo"]
[Black "Pachonpower"]
[Result "1-0"]
[WhiteElo "2662"]
[BlackElo "2380"]
[TimeControl "180+1"]
[EndTime "14:40:14 PDT"]
[Termination "kemelgallo won by resignation"]

1. e4 e6 2. d4 d5 3. Nc3 dxe4 4.
Nxe4 Nd7 5. Nf3 Ngf6 6. Bd3 b6 7. Qe2 Bb7 8. Nxf6+ Nxf6 9. Bb5+ c6 10. Bd3 Be7 11.
Bf4 O-O 12. O-O-O Nd5 13. Bg3 Bg5+ 14. Kb1 Nb4 15. Bc4 b5 16. h4 Bf6 17. Bb3 a5 18. Qe1 Qe7 19. a3 Nd5 20. Qe2 a4 21. Bxd5 exd5 22.
Qxe7 Bxe7 23. Rde1 Rfe8 24. c3 f6 25. Re3 Kf7 26.
Rhe1 Bc8 27. Bf4 h6 28. Kc1 Bf5 29. Bg3 g5 30. hxg5 hxg5 31. Nd2 Bg6 32. Nf1 Be4 33. f3 Bg6 34. Nh2 f5 35. Re6 f4 36. Bf2 Rac8 37.
Ng4 Bh7 38. Rxc6 Bf8 39. Rxc8 Rxc8 40. Kd2 Bf5 41. Ne5+ Kf6 42. g4 fxg3 43. Bxg3 Kg7 44. Nd3 Kg6 45. Rg1 Kf6 46. Be5+ Kg6 47. Nf4+ Kh6 48.
Nxd5 Rc6 49. Ne3 Be6 50. d5 Bxd5 51. Nxd5 Rc5 52. Bd4 Rxd5 53. Kd3 Bd6 54. Ke4 Rxd4+ 55. Kxd4 Kg6 56. Kd5 Bb8 57. Kc6 Kf5 58. Kxb5 Bf4 59. Kxa4 Be3 60. Rg4 Bf4 61. Kb5 Ke6 62. a4 Kd6 63. a5 Kc7 64. a6 Kb8 65. Rxf4 gxf4 66. b4 Ka7 67. Ka5 Ka8 68. b5 Kb8 69. Kb4 1-0

[Event "Late-Titled-Tuesday-Blitz-May-07-2024"]
[Site "Chess.com"]
[Date "2024.05.07"]
[Round "4"]
[White "kalxandria"]
[Black "Veleamater"]
[Result "0-1"]
[WhiteElo "2233"]
[BlackElo "2428"]
[TimeControl "180+1"]
[EndTime "14:40:17 PDT"]
[Termination "Veleamater won on time"]

1. e4 d6 2. d4 g6 3. Nf3 Bg7 4. Bc4 e6 5. c3 Ne7 6. O-O a6 7. Na3 O-O 8. Nc2 b5 9. Bd3 Nbc6 10. Bg5 h6 11. Be3 e5 12. Qd2 Kh7 13. a4 bxa4 14. Rxa4 Bb7 15. d5 Nb8 16. Rfa1 f5 17. exf5 gxf5 18.
Rh4 Ng8 19. g4 e4 20. Ng5+ Kh8 21. Be2 Nf6 22. Ne6 Qe7 23. Nxg7 Kxg7 24. Bxh6+ Kf7 25. Bxf8 Qxf8 26. gxf5 Qg7+ 27. Kh1 e3 28. Nxe3 Qg5 29. Rh3 Nbd7 30. Rg1 Qf4 31. Rhg3 Rh8 32. Rg7+ Kf8 33. R1g2 Ne4 34. Qd4 Nxf2+ 35. Kg1 Nh3+ 36. Kh1 Ne5 37. Qxf4 Nxf4 38. Rf2 Nxd5 39. Nxd5 Bxd5+ 40. Kg1 Nf7 41. f6 a5 42. Bf3 Be6 43. Bg2 Ne5 44. Re2 Rh6 45. Rxc7 Rxf6 46. Rf2 Rxf2 47. Kxf2 Nc4 48. b3 Nd2 49. Kg3 Nxb3 50. Rb7 a4 51. Rb8+ Ke7 52.
Ra8 Nc5 53. Bf3 Kf6 54. Ra7 Ke5 55. Ra5 Bb3 56. Ra8 Ke6 57. h4 Kd7 58. h5 Ne6 59. h6 Ng5 60. Kf4 Nh7 61. Be4 Nf6 62. h7 Nxe4 63.
h8=Q Nc5 64. Qg7+ Kc6 65. Rc8+ Kd5 66. Qd4+ Ke6 67. Re8+ Kd7 0-1

[Event "Late-Titled-Tuesday-Blitz-May-07-2024"]
[Site "Chess.com"]
[Date "2024.05.07"]
[Round "4"]
[White "Temirlan_Baltabaev"]
[Black "GoltsevDmitry2000"]
[Result "1-0"]
[WhiteElo "2572"]
[BlackElo "2742"]
[TimeControl "180+1"]
[EndTime "14:40:18 PDT"]
[Termination "Temirlan_Baltabaev won by checkmate"]

1. d4 e6 2. Nf3 d5 3. g3 Nf6 4. Bg2 c5 5. c4 Nc6 6. O-O dxc4 7. Ne5 Nxe5 8. dxe5 Qxd1 9. Rxd1 Nd7 10. f4 a6 11.
Na3 Nb6 12. Be3 Be7 13. Rac1 Nd5 14. Nxc4 Nxe3 15. Nxe3 Rb8 16. Nc4 b6 17. Bc6+ Kf8 18. Nd6 Bxd6 19. exd6 Bb7 20. Bxb7 Rxb7 21. b4 Ke8 22. bxc5 bxc5 23. Rxc5 Kd7 24. e4 f6 25. e5 fxe5 26. fxe5 Rf8 27. Rdc1 Rf5 28. Rc7+ Rxc7 29. Rxc7+ Kd8 30. Rc5 h5 31. Kg2 g5 32. h3 g4 33.
hxg4 hxg4 34. a4 Kd7 35. Rc7+ Kd8 36. Rc5 Kd7 37. Ra5 Kd8 38. Rxa6 Rxe5 39. Ra7 Re2+ 40. Kf1 Ra2 41. a5 Rd2 42. Rg7 Rxd6 43. Rxg4 Kc7 44.
Ra4 Rd2 45. a6 Kb8 46. g4 Ka7 47. Ke1 Rg2 48. Kf1 Rd2 49. Ra5 Rd7 50. Kf2 Kb6 51. Ra3 Ra7 52. Kf3 Kb5 53. Ke4 Kb6 54. Ke5 Ra8 55.
Kxe6 Re8+ 56. Kf7 Rd8 57. g5 Ka7 58. g6 Rd7+ 59. Ke6 Rc7 60. Kf6 Rc6+ 61. Kg5 Rc5+ 62. Kh6 Rc6 63. Kh7 Rc1 64. g7 Rh1+ 65. Kg8 Rf1 66. Ra5 Rg1 67. Kf7 Rc1 68. g8=Q Rc7+ 69.
Kf6 Rc6+ 70. Qe6 Rc7 71. Qe3+ Kb8 72. Qb6+ Ka8 73. Qb7+ Rxb7 74. axb7+ Kxb7 75. Rd5 Kb6 76. Ke6 Kc6 77. Ke5 Kb6 78. Kd6 Kb7 79. Rc5 Kb6 80. Kd5 Kb7 81. Rc6 Ka7 82. Kd6 Kb7 83. Kd7 Ka7 84. Kc7 Ka8 85. Ra6# 1-0

[Event "Late-Titled-Tuesday-Blitz-May-07-2024"]
[Site "Chess.com"]
[Date "2024.05.07"]
[Round "4"]
[White "N_Mullodzhanov"]
[Black "Shiner22"]
[Result "1/2-1/2"]
[WhiteElo "2554"]
[BlackElo "2298"]
[TimeControl "180+1"]
[EndTime "14:40:18 PDT"]
[Termination "Game drawn - insufficient material"]

1. e4 c5 2. Nf3 Nc6 3. d4 cxd4 4. Nxd4 e5 5. Nf3 Bc5 6. Bc4 Nf6 7. O-O d6 8. Re1 Ng4 9. Rf1 h6 10. h3 Nf6 11.
Re1 O-O 12. Nc3 Be6 13. Nd5 Rc8 14. Be3 Nxe4 15. Bxc5 Nxc5 16. Ne3 Qe7 17. Bxe6 fxe6 18. c4 e4 19. Nd2 Qf6 20. Ng4 Qg6 21. Rb1 h5 22.
Ne3 Nd3 23. Rf1 Nd4 24. Nc2 Nf4 25. g3 Nf5 26. Nxe4 d5 27. cxd5 exd5 28. Kh2 dxe4 29.
gxf4 e3 30. Rg1 Qh6 31. fxe3 h4 32. Qd5+ Kh8 33. Rbc1 Nxe3 34. Nxe3 Qxf4+ 35. Kh1 Qxe3 36. Qh5+ Qh6 37. Qxh6+ gxh6 38. Rxc8 Rxc8 39. Rd1 Rc7 40. Rd8+ Kg7 41. Rd2 b6 42. Kg2 Kg6 43. b3 Kf5 44.
Kf3 Rc3+ 45. Kg2 Rg3+ 46. Kh2 Ke5 47. Re2+ Kd5 48. Re7 a5 49. Rb7 Kc6 50. Rh7 Re3 51. Rxh6+ Kb7 52. Rxh4 Re2+ 53. Kg3 Rxa2 54. Rh7+ Ka6 55.
Rf7 Rb2 56. Rf3 Kb5 57. h4 Kb4 58. h5 Rb1 59. Kg4 Rh1 60. Rh3 Rg1+ 61. Kf5 Rg8 62.
Kf6 b5 63. h6 a4 64. bxa4 bxa4 65. h7 Rh8 66. Kg7 Rxh7+ 67. Rxh7 a3 68. Kf6 a2 69. Ra7 Kb3 70. Ke5 Kb2 71. Kd4 a1=Q 72. Rxa1 Kxa1 1/2-1/2